 Dungeon Crawl Stone Soup version 0.25-a0-591-g2ad0d86 (webtiles) character file.

Game seed: 14673074423611437498, levelgen mode: deterministic

291 Faca the Vandal (level 6, 0/43 HPs)
             Began as a Halfling Hunter on Mar 14, 2020.
             Slain by Prince Ribbit (7 damage)
             ... on level 5 of the Dungeon.
             The game lasted 00:07:56 (4174 turns).

Faca the Vandal (Halfling Hunter)                   Turns: 4174, Time: 00:07:56

Health: 0/43       AC:  9    Str: 15    XL:     6   Next: 59%
Magic:  6/6        EV: 13    Int:  9    God:
Gold:   260        SH:  0    Dex: 15    Spells: 5/5 levels left

rFire    . . .     SeeInvis .   a - +2 hunting sling
rCold    . . .     Gourm    .   (shield restricted)
rNeg     . . .     Faith    .   g - +0 ring mail
rPois    .         Spirit   .   k - +0 helmet
rElec    .         Reflect  .   (no cloak)
rCorr    .         Harm     .   j - +2 pair of gloves
MR       +....                  (no boots)
Stlth    +.........             l - amulet of the acrobat
HPRegen  0.14/turn              u - ring of protection from magic
MPRegen  0.10/turn              (no ring)

@: no status effects
A: small, mutation resistance 1
a: no special abilities


You were on level 5 of the Dungeon.
You were not hungry.

You visited 2 branches of the dungeon, and saw 6 of its levels.

You collected 260 gold pieces.

Inventory:

Hand Weapons
 a - a +2 hunting sling (weapon)
 b - a +0 short sword
Missiles
 d - 25 sling bullets (quivered)
 i - 84 stones
Armour
 g - a +0 ring mail (worn)
 j - a +2 pair of gloves (worn)
 k - a +0 helmet (worn)
 m - a +0 kite shield
Jewellery
 l - an amulet of the acrobat (around neck)
 q - an uncursed ring of fire
 u - a ring of protection from magic (left hand)
Wands
 v - a wand of iceblast (9)
Scrolls
 e - 3 scrolls of remove curse
 r - 2 scrolls of identify
 t - a scroll of teleportation
Potions
 c - a potion of mutation
 h - 2 potions of berserk rage
 n - a potion of flight
 o - a potion of curing
 p - a potion of haste
 s - a potion of lignification
Comestibles
 f - 5 rations


   Skills:
 + Level 3.8 Fighting
 + Level 3.4 Short Blades
 + Level 7.9 Slings
 - Level 2.1 Dodging
 - Level 1.1 Stealth


You had 5 spell levels left.
You didn't know any spells.
Your spell library was empty.

Dungeon Overview and Level Annotations

Branches:
Dungeon (5/15)             Temple (1/1) D:4

Altars:
Ashenzari
Cheibriados
Dithmenos
Gozag
Hepliaklqana
Makhleb
Nemelex Xobeh
Qazlal
Ru
Sif Muna
Trog
Uskayaw
Vehumet
Wu Jian
Yredelemnul
Zin
The Shining One

Annotations:
D:3 2 runed translucent doors, brae's ghost, amateur DsGl
D:5 Prince Ribbit


Innate Abilities, Weirdness & Mutations

You are small and have problems with some larger weapons.
You are somewhat resistant to further mutation.


Message History

Firing (i - inventory. (/) - cycle)
d - 28 sling bullets (quivered)
Press: ? - help, Shift-Dir - straight line, f/p - Prince Ribbit
Aim: Prince Ribbit (severely wounded)
You shoot a sling bullet.
The sling bullet closely misses Prince Ribbit.
Prince Ribbit mumbles some strange words.
Prince Ribbit looks slightly unstable.
Okay, then.
Firing (i - inventory. (/) - cycle)
d - 27 sling bullets (quivered)
Press: ? - help, Shift-Dir - straight line, f/p - Prince Ribbit
Aim: Prince Ribbit (severely wounded)
You shoot a sling bullet. The sling bullet misses Prince Ribbit.
Prince Ribbit closely misses you.
Firing (i - inventory. (/) - cycle)
d - 26 sling bullets (quivered)
Press: ? - help, Shift-Dir - straight line, f/p - Prince Ribbit
Aim: Prince Ribbit (severely wounded)
You shoot a sling bullet. The sling bullet misses Prince Ribbit.
Prince Ribbit catches a baby bat with his tongue.
Prince Ribbit closely misses you. Prince Ribbit hits you!
You die...

#..# #.(# #..#
#..# #######..#
.........#
########(# #F# #@#
#.################
#.................
#.################
#.# ###


You could see Prince Ribbit.

Vanquished Creatures
  A hound (D:3)
  Jessica (D:2)
  An iguana (D:5)
  Natasha (twice) (D:2)
  A worker ant (D:4)
  A howler monkey skeleton (D:3)
  2 adders
  A shadow imp (D:5)
  An ooze (D:2)
  A worm (D:2)
  6 dart slugs
  4 leopard geckos
  4 orcs (D:3)
  3 giant cockroaches
  8 goblins
  8 hobgoblins
  5 jackals (D:3)
  8 bats
  A frilled lizard (D:1)
  A jackal skeleton (D:4)
  8 kobolds
  8 rats
76 creatures vanquished.

Notes
Turn   | Place    | Note
-------+----------+-------------------------------------------
     0 | D:1      | Faca the Halfling Hunter began the quest for the Orb.
     0 | D:1      | Reached XP level 1. HP: 14/14 MP: 1/1
   192 | D:1      | Reached skill level 6 in Slings
   228 | D:1      | Reached XP level 2. HP: 17/19 MP: 2/2
   583 | D:1      | Reached XP level 3. HP: 25/25 MP: 3/3
  1420 | D:2      | Noticed Jessica
  1425 | D:2      | Killed Jessica
  1425 | D:2      | Reached skill level 1 in Short Blades
  1425 | D:2      | Reached XP level 4. HP: 30/30 MP: 4/4
  1457 | D:2      | Reached skill level 7 in Slings
  1691 | D:2      | Noticed Natasha
  1706 | D:2      | Killed Natasha
  1706 | D:2      | Reached XP level 5. HP: 31/36 MP: 5/5
  1817 | D:2      | Noticed Natasha
  1831 | D:2      | Killed Natasha
  2299 | D:3      | Found a faded altar of an unknown god.
  2507 | D:3      | Reached XP level 6. HP: 42/42 MP: 6/6
  2522 | D:3      | Found a large runed translucent door.
  2522 | D:3      | Found a large runed translucent door.
  2532 | D:3      | Noticed brae's ghost (amateur DsGl)
  3008 | D:4      | Found a staircase to the Ecumenical Temple.
  3028 | D:4      | Found a stormy altar of Qazlal.
  3039 | Temple   | Entered the Ecumenical Temple
  3555 | D:4      | Found a hide-covered altar of Uskayaw.
  3555 | D:4      | Found a sparkling altar of Nemelex Xobeh.
  3874 | D:5      | Entered Level 5 of the Dungeon
  3907 | D:5      | Noticed Prince Ribbit
  4174 | D:5      | Slain by Prince Ribbit

Levels and vault maps discovered:
D:1:      psy_arrival_radial01, layout_basic, minmay_bisected
D:2:      layout_loops_ring, uniq_natasha, uniq_jessica
D:3:      layout_loops_ring, chequers_ecumenical_altar_simple, first_ration,
          ebering_ghost_disaster_area
D:4:      layout_loops_ring, chequers_temple_overflow_statue_of_worship,
          temple_statues
D:5:      layout_basic, uniq_prince_ribbit1
Temple:   minmay_temple_curvy_branch

Skill      XL: |  1  2  3  4  5  6 |
---------------+-------------------+-----
Slings         | 6 7 |  7.9
Fighting       | 2 3 |  3.8
Short Blades   | 1 2 3 |  3.4
Dodging        | |  2.1
Stealth        | |  1.1

Action                   |  1- 3 |  4- 6 || total
-------------------------+-------+-------++-------
Melee: Short sword       |   117 |   274 ||   391
 Fire: Hunting sling     |     4 |    32 ||    36
  Use: Scroll            |     5 |     5 ||    10
 Stab: Sleeping          |       |     2 ||     2
  Eat: Chunk             |     2 |     5 ||     7
       Ration            |       |     1 ||     1
Armor: Ring mail         |    26 |    87 ||   113
Dodge: Dodged            |   103 |   215 ||   318

Table legend:
 A = Non-vault XP
 B = Vault XP
 C = Vault XP percentage of total XP
 D = Non-vault monster count
 E = Vault monster count
 F = Vault count percentage of total count
                 A         B        C        D         E       F
            +---------+---------+-------+---------+---------+-------
      Total |     337 |      80 |  19.2 |      72 |       4 |   5.3
            +---------+---------+-------+---------+---------+-------
        D:1 |      37 |       7 |  15.9 |      18 |       2 |  10.0
        D:2 |      76 |      73 |  49.0 |      20 |       2 |   9.1
        D:3 |     126 |       0 |   0.0 |      28 |       0 |   0.0
        D:4 |      50 |       0 |   0.0 |       4 |       0 |   0.0
        D:5 |      48 |       0 |   0.0 |       2 |       0 |   0.0
            +---------+---------+-------+---------+---------+-------
